 Dungeon Crawl Stone Soup version 0.26-a0-682-g294304f6e8 (webtiles) character file.

Game seed: 4723789109512712151

26115 Kinoniko the Warrior (level 13, 150/150 HPs)
             Began as an Ogre Fighter on Oct 20, 2020.
             Was an Initiate of Gozag.
             Quit the game on level 3 of the Lair of Beasts.
             The game lasted 00:29:59 (20201 turns).

Kinoniko the Warrior (Ogre Fighter)                Turns: 20201, Time: 00:30:00

Health: 150/150    AC:  8    Str: 19    XL:     13   Next: 23%
Magic:  13/13      EV: 10    Int:  9    God:    Gozag
Gold:   911        SH: 13    Dex: 12    Spells: 12/12 levels left

rFire    . . .     SeeInvis .   f - +3 spear (venom)
rCold    . . .     Faith    .   c - +2 kite shield
rNeg     + + .     Spirit   +   i - +4 robe "Velog" {Rampage rN++ Regen+ Str-4}
rPois    .         Reflect  .   p - +0 hat
rElec    .         Harm     .   d - +0 cloak
rCorr    .         Rampage  +   (gloves unavailable)
MR       +....                  (boots unavailable)
Stlth    +.........             x - amulet of guardian spirit
HPRegen  0.75/turn              (no ring)
MPRegen  0.13/turn              (no ring)

@: no status effects
A: large, unfitting armour, tough skin 1
a: Potion Petition, Call Merchant, Bribe Branch, Renounce Religion


You were on level 3 of the Lair of Beasts.
You worshipped Gozag.
Gozag was pleased with you.
You visited 3 branches of the dungeon, and saw 15 of its levels.
You also visited: Sewer.

You collected 3509 gold pieces.
You paid 2598 gold pieces to Gozag.

Inventory:

Hand Weapons
 a - a +0 trident
 f - a +3 spear of venom (weapon)
Armour
 b - a +0 robe
 c - a +2 kite shield (worn)
 d - a +0 cloak (worn)
 i - the +4 robe "Velog" (worn) {Rampage rN++ Regen+ Str-4}
   (You found it on level 1 of the Lair of Beasts)

   It affects your strength (-4).
   It greatly protects you from negative energy.
   It increases your rate of regeneration.
   It bestows one free step when moving towards enemies.
 p - a +0 hat (worn)
Jewellery
 n - an uncursed ring of fire
 s - an uncursed ring of wizardry
 w - an uncursed ring of positive energy
 x - an amulet of guardian spirit (around neck)
 z - an uncursed ring of positive energy
 B - an uncursed ring of poison resistance {unknown}
Wands
 l - a wand of paralysis (7)
 v - a wand of iceblast (10)
 A - a wand of digging (7)
 E - a wand of flame (36)
Scrolls
 o - 8 scrolls of identify
 q - 2 scrolls of amnesia
 r - 4 scrolls of magic mapping
 t - a scroll of blinking
 u - a scroll of fear
 y - 7 scrolls of teleportation
 C - 6 scrolls of remove curse
Potions
 e - 3 potions of cancellation
 g - a potion of stabbing
 h - 5 potions of flight
 j - 5 potions of brilliance
 k - 9 potions of curing
 m - 2 potions of mutation
 D - a potion of heal wounds


   Skills:
 * Level 15.3 Fighting
 * Level 14.7 Polearms
 - Level 2.6 Dodging
 - Level 10.2 Shields


You had 12 spell levels left.
You didn't know any spells.
Your spell library contained the following spells:

 Spells                   Type           Power        Failure   Level
 Animate Skeleton         Necr           #.....       38%         1
 Pain                     Necr           #...         38%         1
 Shock                    Conj/Air       #...         38%         1
 Ensorcelled Hibernation  Hex/Ice        #.....       52%         2
 Confusing Touch          Hex            #.......     77%         3
 Vampiric Draining        Necr           #.........   77%         3
 Animate Dead             Necr           #.........   99%         4
 Agony                    Necr           #.......     100%        5
 Conjure Ball Lightning   Conj/Air       #.........   100%        6


Dungeon Overview and Level Annotations

Branches:
Dungeon (11/15)            Temple (1/1) D:4            Lair (3/6) D:9
 Shoals (0/4) Lair:3       Spider (0/4) Lair:3          Orc (0/2) D:11
  Sewer (visited)

Altars:
Ashenzari
Cheibriados
Dithmenos
Elyvilon
Fedhas
Gozag
Hepliaklqana
Kikubaaqudgha
Makhleb
Nemelex Xobeh
Okawaru
Qazlal
Ru
Sif Muna
Trog
Uskayaw
Vehumet
Wu Jian
Xom
Yredelemnul
Zin
The Shining One

Shops:
D:8 =   D:10 (

Annotations:
D:9 exclusion: statue


Innate Abilities, Weirdness & Mutations

You are too large for most types of armour.
You have tough skin. (AC +1)


Message History

You kill the water moccasin!
No target in view!
No target in view!
No target in view!
You feel sick.
You feel sick.
You feel sick.
You feel sick.
You feel sick.
HP restored.
You feel sick.
You now have 911 gold pieces (gained 5).
You feel sick.
You feel sick.
You feel sick.
You are no longer poisoned.
Found an escape hatch in the floor.
Found a stone staircase leading down.
Okay, then.
Are you sure you want to abandon this character and quit the game? (Confirm with "yes".)

##...P###..###.. ##
#P.....#...##..( #.#
##.........####.
##..# #.........## ##
#.... #...P##....## #
#..> #...####....###
##... #.....###.....#
#P...###....##
##....#
#..#@###....####....<
#...## ##.....####...
#....#####....###..#.
##......###P...####..
##....###......####.
##....#.........###
#........##.....##
###.....##........
##..P.P####.....


There were no monsters in sight!

Vanquished Creatures
  Harold (D:7)
  5 hydras
  4 two-headed ogres
  A queen ant (Lair:2)
  An ugly thing (D:7)
  2 cyclopes (D:11)
  4 elephants (Lair:2)
  A gargoyle (D:10)
  6 cane toads
  3 komodo dragons
  A demonic crawler (Lair:3)
  2 polar bears
  2 trolls
  9 blink frogs
  2 wyverns
  10 yaks
  2 basilisks
  Edmund (D:4)
  8 soldier ants (Lair:2)
  7 water moccasins
  5 orc warriors
  An ice beast (D:5)
  A black bear (Lair:2)
  A sky beast (D:9)
  A necrophage (D:9)
  7 ogres
  10 wolves
  9 centaurs
  Blork the orc (D:4)
  3 big kobolds
  5 bullfrogs
  A wyvern zombie (D:7)
  7 scorpions
  5 wights
  2 electric eels (Lair:2)
  2 howler monkeys
  2 bullfrog zombies (D:11)
  2 centaur zombies
  3 bullfrog skeletons
  5 hounds
  6 jellies
  5 orc priests
  2 iguanas
  Terence (D:2)
  Jessica (D:2)
  15 orc wizards
  31 worker ants
  A howler monkey zombie (D:6)
  4 gnolls (D:8)
  A howler monkey skeleton (D:6)
  18 adders
  A shadow imp (D:6)
  6 white imps
  2 ufetubi (D:6)
  An adder skeleton (D:4)
  2 adder zombies
  3 worms
  3 dart slugs
  13 leopard geckos
  42 orcs
  6 ball pythons
  5 giant cockroaches
  7 goblins
  8 hobgoblins
  7 jackals
  12 kobolds
  A quokka (D:6)
  8 bats
  11 frilled lizards
  A leopard gecko skeleton (D:4)
  6 rats
375 creatures vanquished.

Vanquished Creatures (others)
  A scorpion (D:9)
  A jelly (D:9)
  An adder (D:9)
  A jackal skeleton (D:4)
  10 fungi
  47 plants
61 creatures vanquished.

Grand Total: 436 creatures vanquished

Notes
Turn   | Place    | Note
-------+----------+-------------------------------------------
     0 | D:1      | Kinoniko the Ogre Fighter began the quest for the Orb.
     0 | D:1      | Reached XP level 1. HP: 24/24 MP: 1/1
   158 | D:1      | Reached XP level 2. HP: 15/33 MP: 2/2
   670 | D:1      | Reached XP level 3. HP: 40/40 MP: 3/3
   887 | D:2      | Noticed Jessica
   899 | D:2      | Killed Jessica
   899 | D:2      | Reached skill level 5 in Fighting
  1002 | D:2      | Noticed Terence
  1020 | D:2      | Killed Terence
  1020 | D:2      | Reached XP level 4. HP: 42/50 MP: 4/4
  1927 | D:3      | Reached XP level 5. HP: 57/57 MP: 5/5
  2490 | D:3      | Found a broken altar of Ashenzari.
  3204 | D:4      | Noticed an ogre
  3216 | D:4      | Killed an ogre
  3216 | D:4      | Reached XP level 6. HP: 60/66 MP: 6/6
  3255 | D:4      | Found a staircase to the Ecumenical Temple.
  3277 | Temple   | Entered the Ecumenical Temple
  3578 | Temple   | Became a worshipper of Gozag Ym Sagoz the Greedy
  3661 | D:4      | Reached skill level 5 in Polearms
  4005 | D:4      | Reached XP level 7. HP: 72/72 MP: 7/7
  4364 | D:4      | Noticed Blork the orc
  4401 | D:4      | Killed Blork the orc
  4515 | D:4      | Noticed Edmund
  4547 | D:4      | Killed Edmund
  5254 | D:5      | Entered Level 5 of the Dungeon
  5272 | D:5      | Found a glowing drain.
  5302 | Sewer    | Entered a sewer
  5767 | D:5      | Reached skill level 5 in Shields
  5772 | D:5      | Reached XP level 8. HP: 49/81 MP: 8/8
  7241 | D:6      | Noticed a two-headed ogre
  7251 | D:6      | Killed a two-headed ogre
  7251 | D:6      | Reached XP level 9. HP: 72/88 MP: 9/9
  7706 | D:6      | Found an ornate altar of the Wu Jian Council.
  8204 | D:7      | Found an iron altar of Okawaru.
  8209 | D:7      | Noticed Harold
  8241 | D:7      | Killed Harold
  8241 | D:7      | Reached skill level 10 in Polearms
  8803 | D:7      | Found a hazy altar of Hepliaklqana.
  9403 | D:7      | Reached XP level 10. HP: 80/96 MP: 10/10
  9737 | D:7      | Noticed a brown ugly thing
  9760 | D:7      | Killed a brown ugly thing
  9856 | D:7      | You fall into a shaft and drop 2 floors!
 10249 | D:7      | Found a shimmering blue altar of Sif Muna.
 10491 | D:7      | Found a basalt altar of Yredelemnul.
 10875 | D:8      | Noticed a two-headed ogre
 10942 | D:8      | Killed a two-headed ogre
 11942 | D:8      | Found Ruydemo's Jewellery Shoppe.
 12111 | D:9      | Found a radiant altar of Vehumet.
 12168 | D:9      | Found a radiant altar of Vehumet.
 12209 | D:9      | Reached skill level 6 in Fighting
 12282 | D:9      | Found a hide-covered altar of Uskayaw.
 12282 | D:9      | Found a bloodstained altar of Trog.
 12336 | D:9      | Reached XP level 11. HP: 88/107 MP: 9/11
 12456 | D:9      | Noticed a two-headed ogre
 12471 | D:9      | Killed a two-headed ogre
 12471 | D:9      | Reached skill level 7 in Fighting
 12783 | D:9      | Reached skill level 8 in Fighting
 12949 | D:9      | Found a staircase to the Lair.
 12999 | D:9      | Noticed a two-headed ogre
 13015 | D:9      | Killed a two-headed ogre
 13517 | D:10     | Entered Level 10 of the Dungeon
 13535 | D:10     | Reached skill level 9 in Fighting
 13728 | D:10     | Found Lucvor's Antique Weapon Shoppe.
 13894 | D:10     | Identified Sif Muna's Collected Works on Captivating
                  | Attacks
 13974 | D:10     | Reached skill level 10 in Fighting
 14561 | D:11     | Found a staircase to the Orcish Mines.
 14670 | D:11     | Noticed a cyclops
 14671 | D:11     | Noticed a cyclops
 14694 | D:11     | Killed a cyclops
 14702 | D:11     | Killed a cyclops
 15045 | D:11     | Reached skill level 11 in Fighting
 15045 | D:11     | Reached skill level 10 in Shields
 15172 | Lair:1   | Entered Level 1 of the Lair of Beasts
 15172 | Lair:1   | Noticed a five-headed hydra
 15189 | Lair:1   | Killed a five-headed hydra
 15679 | Lair:1   | Got a crude robe
 15680 | Lair:1   | Identified the +4 robe "Velog" {Rampage rN++ Regen+ Str-4}
                  | (You found it on level 1 of the Lair of Beasts)
 16014 | Lair:1   | Reached XP level 12. HP: 81/132 MP: 7/12
 16019 | Lair:1   | Reached skill level 12 in Fighting
 16281 | Lair:1   | Noticed a four-headed hydra
 16313 | Lair:1   | Killed a four-headed hydra
 17005 | Lair:2   | Noticed an eight-headed hydra
 17008 | Lair:2   | Noticed a four-headed hydra
 17017 | Lair:2   | Killed an eight-headed hydra
 17017 | Lair:2   | Reached skill level 13 in Fighting
 17028 | Lair:2   | Killed a four-headed hydra
 17450 | Lair:2   | Noticed a queen ant
 17491 | Lair:2   | Killed a queen ant
 17495 | Lair:2   | Reached skill level 14 in Fighting
 17906 | Lair:2   | Reached XP level 13. HP: 108/148 MP: 9/13
 18295 | Lair:2   | Found the +3 hat of Pondering {ponderous, MR+ MP+10 Int+5}
 18333 | Lair:2   | Reached skill level 15 in Fighting
 18999 | Lair:3   | Found a staircase to the Shoals.
 19119 | Lair:3   | Found a hole to the Spider Nest.
 20201 | Lair:3   | Quit the game

Illustrated notes

Levels and vault maps discovered:
D:1:      dpeg_arrival_fog, layout_loops_cross
D:2:      layout_rooms, uniq_jessica, uniq_terence
D:3:      layout_basic, evilmike_ruin_ashenzari
D:4:      layout_basic, minmay_temple_entry_gardened_gates, grunt_ministairs_9,
          lexackson_kobold_supper, uniq_edmund, uniq_blork_the_orc
D:5:      layout_rooms, portal_sewer_entry_f
D:6:      layout_basic, kennysheep_little_box
D:7:      layout_rooms, kennysheep_mini_moat, lemuel_crystal_altar,
          nicolae_overflow_hidden_temple, kennysheep_mini, uniq_harold
D:8:      hangedman_cross_stitches, layout_gridville, serial_shops,
          nicolae_shop_behind_doors
D:9:      layout_rooms, gammafunk_temple_overflow_elements, vehumet_statue,
          kennysheep_flooded_box, lemuel_flamethrower_2
D:10:     layout_loops_ring, serial_shops, shop
D:11:     layout_cross, orc_0_dummy, minmay_liquid_box
Temple:   minmay_temple_curvy_branch
Lair:1:   layout_gridlike, grunt_megastairs_3
Lair:2:   layout_loops_ring, chequers_serial_rivers_micro_a, zaba_antful_of_joy,
          serial_bayou_shore_a
Lair:3:   layout_concentric_octagons, minmay_shoals_entry_centaurs,
          nicolae_spider_entry_non_spiders

Skill      XL: |  1  2  3  4  5  6  7  8  9 10 11 12 13 |
---------------+----------------------------------------+-----
Fighting       | 5 6 11 14 15 | 15.3
Polearms       | 3 4 5 7 9 11 12 14 | 14.7
Shields        | 3 4 5 6 7 9 10 | 10.2
Dodging        | |  2.6

Action                   |  1- 3 |  4- 6 |  7- 9 | 10-12 | 13-15 || total
-------------------------+-------+-------+-------+-------+-------++-------
Melee: Trident           |    16 |       |       |       |       ||    16
       Spear             |    51 |   158 |   394 |  1206 |   214 ||  2023
Invok: Potion Petition   |       |       |     2 |     4 |       ||     6
  Use: Scroll            |     4 |     5 |     9 |     6 |       ||    24
       Potion            |     1 |     1 |     7 |    11 |     1 ||    21
 Stab: Sleeping          |     2 |     1 |       |    17 |     1 ||    21
       Invisible         |       |     2 |     1 |     2 |    12 ||    17
       Distracted        |       |       |     3 |     5 |     1 ||     9
Armor: Robe              |     6 |    19 |    21 |    83 |    25 ||   154
       Skin              |       |       |       |     5 |       ||     5
Dodge: Dodged            |    17 |    26 |    78 |   163 |    37 ||   321
Block: Kite shield       |    23 |    42 |   141 |   344 |   113 ||   663

Table legend: (Time is in decaauts)
 A = Elapsed time spent in this place.
 B = Non-inter-level travel time spent in this place.
 C = Inter-level travel time spent in this place.
 D = Time resting spent in this place.
 E = Time spent auto-exploring this place.
 F = Levels seen in this place.
 G = Mean time per level.
                   A        B        C        D        E       F      G
               +--------+--------+--------+--------+--------+-----+--------+
         Total |  19459 |  18993 |    466 |   8004 |   7908 |  16 | 1216.2 |
       Dungeon |  14015 |  13680 |    335 |   5824 |   5675 |  11 | 1274.1 |
        Temple |    312 |    312 |      0 |      0 |    222 |   1 |  312.0 |
          Lair |   4656 |   4526 |    130 |   2079 |   1780 |   3 | 1552.0 |
         Sewer |    475 |    475 |      0 |    100 |    230 |   1 |  475.0 |
               +--------+--------+--------+--------+--------+-----+--------+

Top non-repeatable levels by time:
     D:6: 2070 daAuts
  Lair:1: 1893 daAuts
     D:8: 1742 daAuts
     D:4: 1734 daAuts
  Lair:2: 1594 daAuts
     D:7: 1468 daAuts
     D:9: 1434 daAuts
     D:3: 1293 daAuts
  Lair:3: 1169 daAuts
     D:2: 1013 daAuts
    D:10: 979 daAuts
     D:1: 891 daAuts
     D:5: 889 daAuts
    D:11: 498 daAuts
   Sewer: 475 daAuts
